 Dungeon Sprint DCSS version 0.28.0-53-g5a82cb258f (webtiles) character file.

Game seed: 10430360547527300166

3098 Zeld the Fighter (level 9, -6/144 HPs)
             Began as a Minotaur Berserker on June 12, 2022.
             Was a Priest of Trog.
             Mangled by a lorocyproca (22 damage)
             ... in the Dungeon (Sprint I: "Red Sonja").
             The game lasted 00:02:24 (1811 turns).

Zeld the Fighter (Minotaur Berserker)               Turns: 1811, Time: 00:02:25

Health: -6/144     AC: 10    Str: 27    XL:     9   Next: 59%
Magic:  0/8        EV: 14    Int:  4    God:    Trog [***...]
Gold:   651        SH:  0    Dex:  9    Spells: 8/8 levels left

rFire   . . .      SeeInvis .   a - +0 hand axe
rCold   . . .      Faith    .   (no shield)
rNeg    . . .      Spirit   .   l - +3 ring mail {rPois}
rPois   +          Reflect  .   (helmet restricted)
rElec   .          Harm     .   (no cloak)
rCorr   .          Rampage  .   (no gloves)
Will    .....      NoTele   +   (no boots)
Stlth   ..........              (no amulet)
HPRegen 0.34/turn               (no ring)
MPRegen 0.11/turn               (no ring)

@: berserking, very quick
A: horns 2, retaliatory headbutt
a: Renounce Religion, Berserk, Trog's Hand


You were in the Dungeon.
You worshipped Trog.
Trog was most pleased with you.
You visited 1 branch You collected 872 gold pieces.
You spent 221 gold pieces at shops.

Inventory:

Hand Weapons
 a - a +0 hand axe (weapon)
Armour
 l - a +3 ring mail of poison resistance (worn)
Wands
 i - a wand of polymorph (10)
 m - a wand of iceblast (4)
Scrolls
 b - a scroll of magic mapping
 k - a scroll of brand weapon
Potions
 c - 3 potions of curing
 d - a potion of heal wounds
 e - a potion of haste
 f - 2 potions of magic
 g - a potion of berserk rage
 j - a potion of lignification {unknown}


   Skills:
 * Level 14.7 Fighting
 * Level 14.6 Axes
 + Level 10.7 Armour
 + Level 9.6 Dodging
 + Level 7.5 Evocations


You had 8 spell levels left.
You didn't know any spells.
Your spell library was empty.

Dungeon Overview and Level Annotations

Branches:
Dungeon (1/1)

Altars:
Cheibriados
Dithmenos
Elyvilon
Fedhas
Gozag
Hepliaklqana
Kikubaaqudgha
Makhleb
Nemelex Xobeh
Okawaru
Qazlal
Ru
Sif Muna
Trog
Uskayaw
Vehumet
Wu Jian
Xom
Yredelemnul
Zin
The Shining One
Jiyva
Lugonu

Shops:
D (*[


Innate Abilities, Weirdness & Mutations

You have a pair of horns on your head.
You reflexively headbutt those who attack you in melee.


Message History

Found 27 gold pieces.
You hear a chilling moan.
You close the door.
Really walk into a travel-excluded area?
Okay, then.
Press: ? - help, v - describe, . - travel The floor.
Reduced exclusion size to a single square.
Removed exclusion.
Something unseen breaks down the door.
Found 27 gold pieces.
A meliai comes into view. It is wielding a +0 hand axe.
Found 27 gold pieces.
The meliai invokes the aid of its god against you.
Something smites you!
Deactivating autopickup; reactivate with Ctrl-A.
You hit something. Something hits you!!
You feel your power leaking away.
You miss something. Something hits you!
You feel your power leaking away.
Okay, then.
A red film seems to cover your vision as you go berserk!
You feel yourself moving faster!
You feel mighty! Something hits you!
You hit something. You miss something. You headbutt something!
You closely miss something. Something hits you but does no damage.
You slash something! You headbutt something! You slice something!!
Something hits you!!
* * * LOW HITPOINT WARNING * * *
You hit something. You slash something! You hit something. Something hits you!!
* * * LOW HITPOINT WARNING * * *
You barely miss something. You barely miss something.
Your punch misses something. Something hits you but does no damage.
You slash something! You hit something but do no damage. You miss something.
Your headbutt misses something. Something hits you!!
You die...

#..'..'..#)).##'#,****,,,,,**,,+,
##'#__####...'..#,*,*##,,,*******
.#:####,,#####..+,*+#$##*+*,,,**,
##:#≈≈≈,,*,,##'####..$#y*,**,,,*,
#_.+≈≈≈,,+,,#.....#..$##*,,***,*,
[._#≈≈≈,,*,,#.☼.☼.°..$$$#*,*,*,*,
.#'##+###**+###☼○○#.....#,,***,*,
'#(#....###,+,#°{°###''##,**,,,*,
.####'###.##*,#.@##*,,##*,,*+***,
).'.....'(∩#*,#°°#***,,***,,,*,≈,
..##########*,##+#,,*,,*,***,*,≈,
.###,,,,,,,**,**,*,,,,,,,,,*,***,
'#.#,,,,,,,,+,****,,,,,,,,,*,*,+,
...#+++******,*,,+,,,,,,****+*,**
(..#,,,,,,,,*,*****,,,***,,,,*,*≈
####,,,,,,,*+,*,,,*****,,,****,*≈
,,,,,,,,,,≈****,,,,,,,,,***,,,,*≈


There were no monsters in sight!

Vanquished Creatures
  A deep troll (D)
  4 demonic crawlers (D)
  2 kobold demonologists (D)
  A slime creature (D)
  Sigmund (D)
  A yak (D)
  A floating eye (D)
  An ogre (D)
  A jelly (D)
  Ijyb (D)
  An orc (D)
  A ballistomycete spore (D)
16 creatures vanquished.

Vanquished Creatures (collateral kills)
  A gargoyle (D)
1 creature vanquished.

Vanquished Creatures (others)
  A ballistomycete spore (D)
1 creature vanquished.

Grand Total: 18 creatures vanquished

Notes
Turn   | Place    | Note
-------+----------+-------------------------------------------
     0 | D        | Zeld the Minotaur Berserker began the quest for the Orb.
     0 | D        | Reached XP level 1. HP: 19/19 MP: 0/0
     2 | D        | Noticed Ijyb
     5 | D        | Killed Ijyb
     6 | D        | Reached skill level 5 in Fighting
     6 | D        | Reached skill level 5 in Axes
     6 | D        | Reached XP level 2. HP: 29/29 MP: 1/1
    38 | D        | Noticed an ogre
    41 | D        | Killed an ogre
    42 | D        | Reached XP level 3. HP: 38/38 MP: 2/2
    42 | D        | Reached XP level 4. HP: 45/45 MP: 3/3
   203 | D        | Noticed Sigmund
   210 | D        | Killed Sigmund
   210 | D        | Reached ** piety under Trog
   211 | D        | Reached skill level 5 in Dodging
   211 | D        | Reached XP level 5. HP: 56/56 MP: 4/4
   255 | D        | Found an ornate altar of the Wu Jian Council.
   255 | D        | Found a shimmering blue altar of Sif Muna.
   257 | D        | Found a radiant altar of Vehumet.
   261 | D        | Reached XP level 6. HP: 46/63 MP: 5/5
   282 | D        | Found Hesyove's Assorted Antiques.
   282 | D        | Found an ancient bone altar of Kikubaaqudgha.
   282 | D        | Found a hazy altar of Hepliaklqana.
   282 | D        | Found a hide-covered altar of Uskayaw.
   282 | D        | Found a basalt altar of Yredelemnul.
   282 | D        | Found an opulent altar of Gozag.
   282 | D        | Found a snail-covered altar of Cheibriados.
   282 | D        | Found a sacrificial altar of Ru.
   282 | D        | Found a shadowy altar of Dithmenos.
   282 | D        | Noticed a yak
   283 | D        | Found a stormy altar of Qazlal.
   283 | D        | Found a blossoming altar of Fedhas.
   283 | D        | Found a bloodstained altar of Trog.
   283 | D        | Found an iron altar of Okawaru.
   283 | D        | Found a glowing golden altar of the Shining One.
   283 | D        | Found a glowing silver altar of Zin.
   283 | D        | Found a white marble altar of Elyvilon.
   289 | D        | Killed a yak
   290 | D        | Reached skill level 10 in Fighting
   292 | D        | Found a sparkling altar of Nemelex Xobeh.
   317 | D        | Bought a scroll labelled YDUAM COTUOR for 17 gold pieces
   317 | D        | Bought a scroll labelled PUNWAO NI BIMU for 17 gold pieces
   317 | D        | Bought a runed ring mail for 119 gold pieces
   317 | D        | Bought a glowing silver wand for 68 gold pieces
   381 | D        | Found a burning altar of Makhleb.
   381 | D        | Found a viscous altar of Jiyva.
   381 | D        | Found a shimmering altar of Xom.
   381 | D        | Found a corrupted altar of Lugonu.
   381 | D        | Noticed a slime creature
   390 | D        | Killed a slime creature
   391 | D        | Reached skill level 10 in Axes
   391 | D        | Reached XP level 7. HP: 66/73 MP: 6/6
   615 | D        | Noticed a kobold demonologist
   615 | D        | Noticed a kobold demonologist
   616 | D        | Noticed a chaos spawn
   616 | D        | Paralysed by a floating eye for 3 turns
   620 | D        | Paralysed by a floating eye for 2 turns
   624 | D        | Reached *** piety under Trog
   625 | D        | Reached skill level 5 in Evocations
   631 | D        | Killed a kobold demonologist
   638 | D        | Killed a kobold demonologist
   638 | D        | Reached **** piety under Trog
   639 | D        | Reached XP level 8. HP: 85/85 MP: 7/7
   738 | D        | Noticed Sonja
   739 | D        | Noticed Sonja
   739 | D        | Sonja changed into Sonja the orc
   744 | D        | Killed Sonja the orc
   963 | D        | Noticed a deep troll
   974 | D        | Killed a deep troll
  1005 | D        | Found Zuodoif's Armour Emporium.
  1079 | D        | Found Kusaplank's Antique Weapon Boutique.
  1272 | D        | Noticed a demonic crawler
  1272 | D        | Noticed a demonic crawler
  1272 | D        | Noticed a demonic crawler
  1272 | D        | Noticed a demonic crawler
  1277 | D        | Killed a demonic crawler
  1278 | D        | Reached XP level 9. HP: 93/93 MP: 8/8
  1282 | D        | Killed a demonic crawler
  1283 | D        | Reached skill level 10 in Armour
  1288 | D        | Killed a demonic crawler
  1293 | D        | Killed a demonic crawler
  1304 | D        | Noticed a gargoyle
  1307 | D        | Killed a gargoyle
  1793 | D        | Noticed a meliai
  1811 | D        | Mangled by a lorocyproca

Illustrated notes

Levels and vault maps discovered:
D:        dungeon_sprint_1 [red_sonja_temple_1, red_sonja_temple_small_1]

Skill      XL: |  1  2  3  4  5  6  7  8  9 |
---------------+----------------------------+-----
Fighting       | 5 6 8 9 10 12 13 14 | 14.7
Axes           | 5 7 8 9 10 12 13 14 | 14.6
Armour         | 3 4 6 7 8 9 10 | 10.7
Dodging        | 3 4 5 6 7 8 9 |  9.6
Evocations     | 2 3 4 5 6 7 |  7.5

Action                   |  1- 3 |  4- 6 |  7- 9 || total
-------------------------+-------+-------+-------++-------
Melee: Hand axe          |     4 |    18 |    63 ||    85
       Punch             |       |     1 |       ||     1
       Headbutt          |       |     4 |    12 ||    16
Invok: Berserk           |     2 |     3 |     4 ||     9
       Brothers in Arms  |       |       |     2 ||     2
Evoke: Wand              |       |       |     1 ||     1
  Use: Scroll            |       |       |     3 ||     3
Armor: Ring mail         |       |       |    10 ||    10
Dodge: Dodged            |     1 |     8 |    17 ||    26
